Map: 毒茄樹叢 - 天梯版

Players

Nice - Winner!

  • Race: Protoss Protoss
  • Spawn Location: 5:00

Clem

  • Race: Terran Terran
  • Spawn Location: 11:00

Event: IEM Katowice 2020

VOD

Have the link to the VOD?

Description

Time

  • Played on: Feb. 25, 2020, 5:55 a.m.
  • Length: 5:42

All games in this series

Show
View Real Time Build Order
Export as new Build Order

Nice Protoss - Winner!

Build Orders: 1 Gate Expand 

Get SALT Encoding   

  12  0:01  Probe  
  13  0:13  Probe  
  14  0:17  Pylon  
  14  0:25  Probe  
  15  0:37  Probe (Chrono Boost), Gateway  
  16  0:47  Assimilator  
  16  0:48  Probe (Chrono Boost)  
  17  0:52  Probe (Chrono Boost)  
  18  1:03  Probe  
  19  1:15  Probe  
  20  1:23  Cybernetics Core  
  20  1:32  Nexus  
  20  1:39  Pylon  
  20  1:46  Assimilator  
  20  1:47  Probe  
  21  1:57  Adept (Chrono Boost)  
  21  1:59  Probe  
  21  2:00  Warp Gate  
  24  2:11  Probe  
  25  2:18  Adept (Chrono Boost)  
  27  2:23  Probe  
  27  2:27  Robotics Facility  
  28  2:40  Adept  
  28  2:41  Probe (Chrono Boost)  
  31  2:44  Probe (Chrono Boost)  
  33  2:54  Probe (Chrono Boost)  
  33  2:55  Probe (Chrono Boost)  
  34  2:59  Probe (Chrono Boost)  
  34  3:03  Probe  
  36  3:11  Probe, Immortal (Chrono Boost)  
  37  3:15  Probe  
  43  3:31  Gateway  
  43  3:33  Gateway  
  43  3:34  Gateway  
  42  3:36  Gateway  
  42  3:42  Warp Prism (Chrono Boost)  
  44  3:50  Pylon  
  44  3:53  Sentry  
  46  3:58  Pylon  
  46  4:12  Observer  
  46  4:16  Sentry  
  49  4:23  Pylon  
  49  4:28  Sentry, Stalker x2  
  55  4:31  Stalker  
  57  4:41  Pylon  
  57  4:56  Zealot x3, Stalker x2  
  57  5:19  Adept x5  
  53  5:40  Adept x4  
  53  5:41  Adept  
Show
View Real Time Build Order
Export as new Build Order

Clem Terran 

Build Orders: Reaper Expand 

Get SALT Encoding   

  12  0:00  SCV  
  13  0:12  SCV  
  14  0:17  Supply Depot  
  14  0:24  SCV  
  15  0:39  SCV  
  15  0:40  Barracks  
  16  0:43  Refinery  
  16  0:51  SCV  
  17  1:03  SCV  
  18  1:15  SCV  
  19  1:27  Orbital Command, Reaper  
  20  1:44  Command Center  
  20  1:50  Supply Depot  
  20  1:53  SCV  
  21  1:59  Marine  
  22  2:05  SCV  
  23  2:09  Factory  
  23  2:16  Bunker  
  23  2:18  SCV  
  23  2:21  Barracks Reactor  
  24  2:26  Refinery  
  24  2:31  SCV  
  25  2:43  SCV  
  26  2:55  Starport  
  26  2:56  Orbital Command  
  26  2:58  SCV  
  27  2:59  Widow Mine  
  27  3:02  Marine x2  
  31  3:10  SCV  
  32  3:19  Marine x2  
  32  3:22  SCV, Factory Tech Lab  
  32  3:23  SCV  
  32  3:26  Supply Depot  
  35  3:32  Viking  
  37  3:34  SCV  
  37  3:35  SCV  
  37  3:37  Marine x2  
  41  3:41  Cyclone  
  41  3:47  SCV  
  41  3:48  SCV  
  46  3:51  Supply Depot  
  46  3:57  Marine x2  
  46  4:00  SCV x2  
  50  4:03  Barracks  
  50  4:06  Starport Tech Lab  
  50  4:12  SCV x2  
  50  4:14  Marine  
  50  4:15  Barracks  
  53  4:20  Marine  
  54  4:26  Siege Tank  
  54  4:27  SCV  
  54  4:28  SCV  
  54  4:29  Supply Depot  
  59  4:32  Marine  
  59  4:36  Engineering Bay  
  59  4:37  Marine  
  60  4:39  SCV  
  60  4:40  SCV  
  62  4:47  Starport Reactor, Refinery  
  62  4:50  Marine  
  62  4:51  SCV  
  65  4:52  SCV  
  65  4:53  Marine  
  65  4:55  Marine  
  63  5:03  SCV  
  63  5:07  SCV  
  54  5:08  Marine  
  54  5:11  Marine  
  54  5:12  Marine  
  54  5:13  Marine  
  55  5:15  SCV  
  52  5:28  SCV  

Tags
 
Add a new tag
Caveats
  • Supply blocks, unpowered buildings, or Contaminate may cause inaccurate times.
  • Supply counts are checked every 10 seconds.